 Dungeon Crawl Stone Soup version 0.23-a0-307-gc3b755d (webtiles) character file.

4 iamserjio the Sneak (level 1, -1/12 HPs)
             Began as a Deep Elf Wanderer on Oct 10, 2018.
             Slain by a gnoll
             ... wielding a +0 whip
              (2 damage)
             ... on level 1 of the Dungeon.
             The game lasted 00:01:10 (87 turns).

iamserjio the Sneak (Deep Elf Wanderer)               Turns: 87, Time: 00:01:11

Health: -1/12      AC:  5    Str:  5    XL:     1   Next: 58%
Magic:  3/3        EV: 10    Int: 18    God:
Gold:   0          SH:  0    Dex: 16    Spells: 1/1 levels left

rFire    . . .     SeeInvis .   a - +2 dagger
rCold    . . .     Gourm    .   (no shield)
rNeg     . . .     Faith    .   c - +0 ring mail
rPois    .         Spirit   .   (no helmet)
rElec    .         Reflect  .   (no cloak)
rCorr    .         Harm     .   (no gloves)
MR       .....                  (no boots)
Stlth    ++........             (no amulet)
HPRegen  0.04/turn              (no ring)
MPRegen  0.08/turn              (no ring)

@: no status effects
A: no striking features
a: no special abilities


You were on level 1 of the Dungeon.
You were not hungry.

You visited 1 branch of the dungeon, and saw 1 of its levels.

Inventory:

Hand Weapons
 a - a +2 dagger (weapon)
 d - a +0 spear
 i - a +0 short sword
Armour
 c - a +0 ring mail (worn)
Scrolls
 b - a scroll of blinking
 e - a scroll of remove curse {unknown}
 j - a scroll of fog {unknown}
Potions
 g - a potion of curing {unknown}
 h - a potion of heal wounds {unknown}
Comestibles
 f - a ration


   Skills:
 - Level 1.5 Fighting
 * Level 0.7 Short Blades
 - Level 1.0 Throwing
 - Level 1.0 Armour
 + Level 2.5 Dodging
 - Level 4.8 Stealth
 + Level 0.6 Spellcasting


You had one spell level left.
You didn't know any spells.
Your spell library was empty.

Dungeon Overview and Level Annotations

Branches:
Dungeon (1/15)

Altars:


Message History

Found 28 stones.
You barely miss the kobold.
A goblin comes into view. It is wielding a club.
You closely miss the kobold. The kobold barely misses you.
Your ring mail prevents you from hitting the kobold.
The kobold hits you but does no damage.
You completely miss the kobold. The kobold hits you but does no damage.
There is an open door here.
Wield which item (- for none, * to show all)? (? for menu, Esc to quit)
Okay, then.
You barely miss the gnoll. The gnoll closely misses you.
You hit the gnoll. The gnoll hits you with a whip.
You hit the gnoll. The gnoll hits you with a whip.
You closely miss the gnoll. The gnoll hits you but does no damage.
You hit the gnoll. The gnoll misses you.
You hit the gnoll but do no damage. The gnoll hits you with a whip.
* * * LOW HITPOINT WARNING * * *
You hit the gnoll. The gnoll closely misses you.
You hit the gnoll but do no damage. The gnoll hits you with a whip.
You die...

.. ....# ###...## ..###.
#...# #....... ....... #...#
####....... ..... #...#
#.......... .... #...#
+......⌠...
########.###...#.#..........
..........#....#.# #.......
..........g......# #......<
..........#@.....# ###...##
(.........#......# #...#
...(......#†.†...# #...#
..........#......#######'###
.(..g.....#................>
..........#.)...###########†
...########.....# #. ..
#.....# #. # #.....# #.


You could see a gnoll.

Vanquished Creatures
  A bat (D:1)
  A goblin (D:1)
  2 kobolds (D:1)
4 creatures vanquished.

Notes
Turn   | Place    | Note
-------+----------+-------------------------------------------
     0 | D:1      | iamserjio the Deep Elf Wanderer began the quest for the
                  | Orb.
     0 | D:1      | iamserjio set off with: a +2 dagger, a scroll of blinking,
                  | a +0 ring mail, a +0 spear, a ration
     0 | D:1      | Reached XP level 1. HP: 12/12 MP: 3/3
    87 | D:1      | Slain by a gnoll

Vault maps used:
D:1:      minmay_arrival_cross, minmay_strange_pillars

Action                   || total
-------------------------++-------
Melee: Dagger            ||    22
Armor: Ring mail         ||    11
Dodge: Dodged            ||    10

Table legend:
 A = Non-vault XP
 B = Vault XP
 C = Vault XP percentage of total XP
 D = Non-vault monster count
 E = Vault monster count
 F = Vault count percentage of total count
                 A         B        C        D         E       F
            +---------+---------+-------+---------+---------+-------
      Total |       7 |       0 |   0.0 |       4 |       0 |   0.0
            +---------+---------+-------+---------+---------+-------
        D:1 |       7 |       0 |   0.0 |       4 |       0 |   0.0
            +---------+---------+-------+---------+---------+-------
